 Dungeon Sprint DCSS version 0.30.1-11-g7821555f0a (webtiles) character file.

Game seed: 2435466572365408084

1 DiggyJ the Trooper (level 1, -7/30 HPs)
             Began as a Minotaur Berserker on Jan 9, 2024.
             Was a Follower of Trog.
             Killed by divine providence
             ... invoked by a sphinx
              (11 damage)
             ... in the Dungeon (Sprint VII: "The Pits").
             The game lasted 00:00:27 (86 turns).

DiggyJ the Trooper (Minotaur Berserker)               Turns: 86, Time: 00:00:28

Health: -7/30      AC:  2    Str: 21    XL:     1   Next: 16%
Magic:  0/0        EV: 12    Int:  4    God:    Trog [*.....]
Gold:   0          SH:  0    Dex:  9    Spells: 0/0 levels left

rFire   . . .        a - +0 hand axe
rCold   . . .        (no shield)
rNeg    . . .        b - +0 animal skin
rPois   .            (helmet restricted)
rElec   .            (no cloak)
rCorr   .            (no gloves)
SInv    .            (no boots)
Will    .....        (no amulet) Stlth
                     (no ring)
HPRegen 0.25/turn    (no ring)
MPRegen 0.07/turn

%: no teleportation
@: berserking (expiring), very quick
A: horns 2, retaliatory headbutt
a: Renounce Religion, Berserk


You were in the Dungeon.
You worshipped Trog.
Trog was aware of your devotion.
You visited 1 branch

Inventory:

Hand Weapons
 a - a +0 hand axe (weapon)
Armour
 b - a +0 animal skin (worn)
Scrolls
 h - a scroll of blinking
Potions
 c - a potion of curing
 d - a potion of heal wounds
 e - a potion of haste
 f - 2 potions of magic
 g - a potion of berserk rage


   Skills:
 + Level 4.0 Fighting
 + Level 4.0 Axes
 + Level 2.5 Armour
 + Level 2.3 Dodging


You couldn't memorise any spells.
You didn't know any spells.
Your spell library was empty.

Dungeon Overview and Level Annotations

Branches:
Dungeon (1/1)

Altars:


Innate Abilities, Weirdness & Mutations

You have a pair of horns on your head.
You reflexively headbutt those who attack you in melee.


Message History

The hobgoblin misses you.
You closely miss the hobgoblin. You headbutt the hobgoblin.
The hobgoblin is heavily wounded.
The hobgoblin closely misses you.
You hit the hobgoblin but do no damage. You headbutt the hobgoblin.
You kill the hobgoblin!
Trog accepts your kill.
Your Fighting skill increases to level 4!
Your Axes skill increases to level 4!
There is an open door to the Storerooms (Easy) here.
You open the huge gate. You open the huge gate.
There is a huge open gate to the Grid Vault (Hard) here.
There is a huge open gate to the Grid Vault (Hard) here.
You open the huge gate.
There is a huge open gate to the Main Hall (Safe) here.
There is a huge open gate to the Grid Vault (Hard) here.
You open the huge gate.
There is a huge open gate to a Minivault (Hard) here.
There is a huge open gate to a Minivault (Hard) here.
You open the door.
A chaos spawn, 5 yaks and a sphinx come into view.
The chaos spawn roars deafeningly!
The yak bellows! x2; The sphinx shouts!
You hear a chilling moan.
The yak bellows!
The sphinx mumbles some strange words.
Something smites you!
Ouch! That really hurt!
The yak bellows!
Found five items.
A red film seems to cover your vision as you go berserk!
You feel yourself moving faster!
You feel mighty!
You feel a strong urge to attack something.
The yak closely misses you. The yak gores you!
* * * LOW HITPOINT WARNING * * *
There is an open door, spattered with blood here.
Deactivating autopickup; reactivate with Ctrl-A.
You barely miss something. Your headbutt misses something. You hit the yak. x2
The sphinx mumbles some strange words.
Something smites you!
You die...

.........''..........#
.........''..........#
######..##..#....#..#
#..##..........+
#..##..........+
#..####''####++#
#..####''###
#..##...Y..#
##########..##.#@##.#
............##.#{Y+.#
............## +H4# #
#''########## #YY+
#''###### # +Y)#
........# .# ##+#
.#......##..#
........''..#
........''..#


You could see a sphinx, 5 yaks and a chaos spawn.

Vanquished Creatures
  A hobgoblin (D)
1 creature vanquished.

Notes
Turn   | Place    | Note
-------+----------+-------------------------------------------
     0 | D        | DiggyJ the Minotaur Berserker began the quest for the Orb.
     0 | D        | Reached XP level 1. HP: 19/19 MP: 0/0
    83 | D        | Found the +8 frozen axe "Frostbite" {freeze, freezing
                  | cloud, *Noise Fly rC+}
    83 | D        | Noticed a chaos spawn
    83 | D        | Noticed a yak
    83 | D        | Noticed a yak
    83 | D        | Noticed a yak
    83 | D        | Noticed a yak
    83 | D        | Noticed a yak
    83 | D        | Noticed a sphinx
    86 | D        | Killed from afar by a sphinx

Illustrated notes

Levels and vault maps discovered:
D:        pitsprint [storerooms_1, entrance_room_1, metal_vault_4, armoury_2,
          mini_pit_1, grid_room_1, main_hall_1, silver_pit, the_coven_2,
          the_vestibule_1, steel_vault_3, golden_pit, hallway_of_sentries,
          crystal_vault_3, iron_vault_4, final_vault]

Skill      XL: |  1 |
---------------+----+-----
Fighting       | 4 |  4.0
Axes           | 4 |  4.0
Armour         | |  2.5
Dodging        | |  2.3

Action                     || total
---------------------------++-------
  Melee: Hand axe          ||     5
         Headbutt          ||     2
 Invoke: Berserk           ||     1
  Dodge: Dodged            ||     5
